 Dungeon Crawl Stone Soup version 0.17.0-18-gaab0e96 (webtiles) character file.

2789 Jaden271 the Grappler (level 9, -11/88 HPs)
             Began as a Troll Berserker on Nov 11, 2015.
             Was an Elder of Trog.
             Shot with an arrow by a centaur (14 damage)
             ... on level 7 of the Dungeon.
             The game lasted 00:32:59 (6932 turns).

Jaden271 the Grappler (Troll Berserker)             Turns: 6932, Time: 00:33:01

Health: -11/88     AC:  7    Str: 28    XL:     9   Next: 43%
Magic:  8/8        EV: 12    Int:  3    God:    Trog [****..]
Gold:   327        SH:  0    Dex: 11    Spells: 0 memorised, 8 levels left

rFire  . . .     SeeInvis .       - Unarmed
rCold  . . .     Clarity  .     t - +0 robe
rNeg   . . .     SustAt   +     (no shield)
rPois  .         Gourm    +     (helmet restricted)
rElec  .         Spirit   .     v - +1 cloak
rCorr  .         Warding  .     (gloves unavailable)
rMut   .         Stasis   .     (boots unavailable)
MR     ++...                    (no amulet)
Stlth  ++........               (no ring)
                                y - ring of sustain attributes

@: regenerating, very resistant to hostile enchantments, unstealthy
A: unfitting armour, claws 3, fast metabolism 3, gourmand, regeneration 2,
shaggy fur 1, tough skin 2
a: Berserk, Trog's Hand, Brothers in Arms, Burn Spellbooks, Renounce Religion


You were on level 7 of the Dungeon.
You worshipped Trog.
Trog was greatly pleased with you.
You were not hungry.

You visited 1 branch of the dungeon, and saw 7 of its levels.

You collected 327 gold pieces.

Inventory:

Hand Weapons
 q - a +3 quarterstaff of chaos
Armour
 l - a +0 robe
 t - a +0 robe (worn)
 v - a +1 cloak (worn)
Jewellery
 y - a ring of sustain attributes (left claw)
Wands
 a - a wand of confusion (32)
 r - a wand of magic darts (21)
 u - a wand of polymorph (11)
 A - a wand of enslavement (7)
Scrolls
 c - 2 scrolls of immolation
 d - 2 scrolls of remove curse
 j - 9 scrolls of identify
 k - a scroll of blinking
 m - a scroll of fear
 o - a scroll of teleportation {unknown}
 B - a scroll of fog {unknown}
 E - a scroll of recharging
 G - a scroll of magic mapping {unknown}
Potions
 e - 4 potions of curing
 f - a potion of magic {unknown}
 g - a potion of degeneration {unknown}
 h - a potion of might {unknown}
 n - a potion of brilliance {unknown}
 p - a potion of mutation {unknown}
 w - a potion of invisibility {unknown}
 x - a potion of haste {unknown}
 C - a potion of ambrosia {unknown}
 D - a potion of resistance {unknown}
Comestibles
 b - 8 bread rations
 i - a royal jelly
 s - a slice of pizza
 z - 2 meat rations


   Skills:
 + Level 5.1 Fighting
 + Level 0.7 Armour
 + Level 6.2 Dodging
 + Level 2.0 Stealth
 * Level 9.4 Unarmed Combat
 + Level 0.1 Evocations


You had 8 spell levels left.
You didn't know any spells.

Dungeon Overview and Level Annotations

Branches:
Dungeon (7/15)             Temple (0/1) D:7

Altars:
Ashenzari
Elyvilon
Fedhas
Gozag
Makhleb
Nemelex Xobeh
Okawaru
Ru
Trog
Vehumet
Xom
The Shining One


Innate Abilities, Weirdness & Mutations

You are too large for most types of armour.
You have claws for hands.
Your metabolism is lightning-fast.
You like to eat raw meat.
You heal very quickly.
You are covered in fur (AC +1).
You have very tough skin (AC +2).


Message History

You claw the steam dragon!
The steam dragon is almost dead.
The steam dragon breathes steam at you. The ball of steam hits you!
* * * LOW HITPOINT WARNING * * *
You hear a shout! x6
Your skin crawls.
You feel resistant to hostile enchantments.
You feel slightly more hungry.
You are engulfed in a cloud of scalding steam.
* * * LOW HITPOINT WARNING * * *
The steam dragon bites you but does no damage.
The steam dragon misses you.
You claw the steam dragon!
You kill the steam dragon!
Trog accepts your kill.
You are engulfed in a cloud of scalding steam.
* * * LOW HITPOINT WARNING * * *
The centaur shoots an arrow.
The arrow hits you!
You die...

............##......#....##.##(#.
.............#......#....##.##(#.
......._..._........#....##.##.#.
....................#....##.##.#.
.........⌠.....(....'.......##.#.
....................##########)#.
.... _..._.#.†c...# #.#. ....
......###'#'###########.#. #...
.... #...@..............#. .. ...
#..................#. ##
#..................##
#..................#
#....>.............#
#........#######'#.#
#........'.......#.##
#........######..#... #........#
#..####


You could see a centaur.

Vanquished Creatures
  Eustachio (D:5)
  A steam dragon (D:7)
  A hungry ghost (D:7)
  Edmund (D:6)
  Duvessa (D:4)
  The ghost of Rayvis the Skirmisher, an amateur MiFi (D:3)
  2 ice beasts (D:5)
  2 ogres
  An orc warrior (D:7)
  2 centaurs
  A big kobold (D:7)
  2 giant frogs (D:7)
  A crocodile (D:7)
  4 wights (D:6)
  Dowan (D:4)
  A scorpion (D:7)
  8 crimson imps
  2 hounds
  A centaur zombie (D:5)
  A giant frog skeleton (D:7)
  3 orc wizards
  2 jellies (D:5)
  Crazy Yiuf (D:5)
  2 iguanas (D:5)
  2 centaur skeletons
  3 worker ants
  A gnoll (D:6)
  A worker ant zombie (D:5)
  7 adders
  2 oozes
  A worm (D:2)
  4 giant geckos
  17 orcs
  A ball python (D:2)
  3 goblins
  5 hobgoblins
  7 kobolds
  3 quokkas
  9 bats
  3 giant cockroaches
  8 giant newts
  11 jackals
  11 rats
142 creatures vanquished.

Notes
Turn   | Place    | Note
--------------------------------------------------------------
     0 | D:1      | Jaden271 the Troll Berserker began the quest for the Orb.
     0 | D:1      | Reached XP level 1. HP: 22/22 MP: 0/0
   349 | D:1      | Reached XP level 2. HP: 29/29 MP: 1/1
   777 | D:2      | Found a white marble altar of Elyvilon.
   996 | D:2      | Reached XP level 3. HP: 31/36 MP: 2/2
  1182 | D:2      | Reached ** piety under Trog
  1733 | D:3      | Found a shimmering altar of Xom.
  1797 | D:3      | Noticed an ogre
  1804 | D:3      | Killed an ogre
  1804 | D:3      | Reached skill level 4 in Unarmed Combat
  1804 | D:3      | Reached XP level 4. HP: 45/45 MP: 3/3
  1824 | D:3      | Noticed Rayvis's ghost (amateur MiFi)
  1837 | D:3      | Killed Rayvis's ghost
  1837 | D:3      | Reached XP level 5. HP: 8/53 MP: 4/4
  1893 | D:3      | Reached skill level 5 in Unarmed Combat
  1893 | D:3      | Reached XP level 6. HP: 51/61 MP: 5/5
  2313 | D:3      | Found a radiant altar of Vehumet.
  2313 | D:3      | Found a burning altar of Makhleb.
  2449 | D:4      | Reached XP level 7. HP: 63/67 MP: 6/6
  2503 | D:4      | Noticed Dowan
  2506 | D:4      | Noticed Duvessa
  2514 | D:4      | Killed Dowan
  2519 | D:4      | Killed Duvessa
  2519 | D:4      | Reached skill level 6 in Unarmed Combat
  2783 | D:4      | Reached skill level 1 in Stealth
  2990 | D:4      | Reached *** piety under Trog
  3353 | D:5      | Entered Level 5 of the Dungeon
  3526 | D:5      | Reached skill level 5 in Dodging
  3526 | D:5      | Reached XP level 8. HP: 45/78 MP: 7/7
  3601 | D:5      | Reached skill level 7 in Unarmed Combat
  3704 | D:5      | Noticed Eustachio
  3763 | D:5      | Killed Eustachio
  4119 | D:5      | Found a sparkling altar of Nemelex Xobeh.
  4298 | D:5      | Noticed Crazy Yiuf
  4302 | D:5      | Killed Crazy Yiuf
  4662 | D:6      | Reached skill level 8 in Unarmed Combat
  4753 | D:6      | Noticed Edmund
  4758 | D:6      | Killed Edmund
  5452 | D:6      | Found a bloodstained altar of Trog.
  5452 | D:6      | Found an iron altar of Okawaru.
  5753 | D:7      | Reached XP level 9. HP: 85/87 MP: 8/8
  5764 | D:7      | Reached **** piety under Trog
  6466 | D:7      | Found a blossoming altar of Fedhas.
  6587 | D:7      | Found a glowing golden altar of the Shining One.
  6607 | D:7      | Reached skill level 5 in Fighting
  6607 | D:7      | Reached skill level 9 in Unarmed Combat
  6887 | D:7      | Found a staircase to the Ecumenical Temple.
  6898 | D:7      | Found a sacrificial altar of Ru.
  6909 | D:7      | Found an opulent altar of Gozag.
  6921 | D:7      | Found a shattered altar of Ashenzari.
  6931 | D:7      | HP: 2/88 [steam dragon] (7)]
  6932 | D:7      | Shot with an arrow by a centaur

Action                   |  1- 3 |  4- 6 |  7- 9 || total
-------------------------+-------+-------+-------++-------
Melee: Unarmed           |   103 |    91 |   273 ||   467
Invok: Berserk           |     1 |       |       ||     1
       Trog's Hand       |       |     1 |     2 ||     3
       Burn Spellbooks   |       |       |     2 ||     2
Evoke: Wand              |       |       |     2 ||     2
  Use: Scroll            |     1 |     3 |     6 ||    10
 Stab: Sleeping          |       |       |     3 ||     3
  Eat: Chunk             |    22 |     7 |    42 ||    71
